 Dungeon Crawl Stone Soup version 0.31-a0-174-g85c54bcb58 (webtiles) character file.

Game seed: 4979672961712950874

65 qw the Shooter (level 4, -4/39 HPs)
             Began as a Naga Hunter on June 15, 2023.
             Slain by a gnoll
             ... wielding a +0 spear
              (7 damage)
             ... on level 2 of the Dungeon.
             The game lasted 00:00:24 (1077 turns).

qw the Shooter (Naga Hunter)                        Turns: 1077, Time: 00:00:24

Health: -4/39      AC:  2    Str: 13    XL:     4   Next: 14%
Magic:  4/4        EV:  9    Int: 10    God:
Gold:   60         SH:  0    Dex: 16    Spells: 3/3 levels left

rFire   . . .        Y - +0 shortbow
rCold   . . .        (shield currently unavailable)
rNeg    . . .        c - +0 leather armour
rPois   +            (no helmet)
rElec   .            (no cloak)
rCorr   .            (no gloves)
SInv    +            (no barding)
Will    .....        (no amulet)
Stlth   ++           (no ring)
HPRegen 0.26/turn    (no ring)
MPRegen 0.09/turn

%: no passive effects
@: short of breath, very slow
A: AC +1, large, see invisible, deformed body, poison resistance, slowness 2,
spit poison 1, naga tail 1
a: Spit Poison


You were on level 2 of the Dungeon.
You visited 1 branch of the dungeon, and saw 2 of its levels.

You collected 60 gold pieces.


Innate Abilities, Weirdness & Mutations

Your serpentine skin is tough. (AC +1)
You have supernaturally acute eyesight. (SInv)
Armour fits poorly on your strangely shaped body.
Your system is resistant to poisons. (rPois)
You cover ground very slowly.
You can spit poison.
You have a snake-like lower body.


   Skills:
 + Level 2.0 Fighting
 - Level 5.1 Ranged Weapons
 - Level 1.5 Dodging
 - Level 1.5 Stealth


You had 3 spell levels left.
You didn't know any spells.
Your spell library was empty.

Inventory:

Hand Weapons
 Y - a +0 shortbow (weapon)
Armour
 c - a +0 leather armour (worn)
Scrolls
 a - a scroll of fear {unknown}
Potions
 d - 2 potions of curing
 g - a potion of might {unknown}
 h - a potion of haste {unknown}

Dungeon Overview and Level Annotations

Branches:
Dungeon (2/15)

Altars:


Message History

You shoot an arrow. The arrow hits the gnoll.
You kill the gnoll!
Your Ranged Weapons skill increases to level 5!
You have reached level 4!
You feel clever.
You shoot an arrow. The arrow barely misses the gnoll.
A gnoll comes into view. It is wielding a +0 spear.
You shoot an arrow. The arrow closely misses the gnoll.
The gnoll shouts!
You have got your breath back.
The gnoll hits you from afar with a +0 spear!
1071 ||| INVOKING Spit Poison.
Aiming: Spit Poison (1% risk of failure)
Press: ? - help, Shift-Dir - straight line, f/p - gnoll The splash of poison misses the gnoll.
The gnoll hits you from afar with a +0 spear.
You shoot an arrow. The arrow closely misses the gnoll.
The gnoll barely misses you.
You shoot an arrow. The arrow closely misses the gnoll.
The gnoll hits you from afar with a +0 spear.
The gnoll hits you from afar with a +0 spear!
You shoot an arrow. The arrow hits the gnoll.
The gnoll is lightly wounded.
The gnoll hits you from afar with a +0 spear!
The gnoll hits you from afar with a +0 spear.
You shoot an arrow.
The arrow hits the gnoll but does no damage.
The gnoll is lightly wounded.
You have got your breath back.
The gnoll barely misses you.
The gnoll hits you from afar with a +0 spear.
1076 ||| INVOKING Spit Poison.
Aiming: Spit Poison (1% risk of failure)
Press: ? - help, Shift-Dir - straight line, f/p - gnoll The splash of poison hits the gnoll.
The gnoll is poisoned.
The gnoll is heavily wounded.
The gnoll hits you from afar with a +0 spear.
The gnoll barely misses you.
You shoot an arrow. The arrow barely misses the gnoll.
The gnoll hits you from afar with a +0 spear!
You die...

# ########## . #.
#........##########
..#.##........#......#.#
.............#(.....#.#
#..................#..
#..........%....... .
##.....#...##+#####
....###.##.##.#.##>..:..
#.)g.@##....#...<.....
#...g..##..............
#......##.###..........
#.......... #.........#
#....................##
......######.#........#
##.#[# # #.......%# #...
#..#.....# #......<.#


You could see 2 gnolls.

Vanquished Creatures
  2 gnolls
  An adder (D:2)
  A dart slug (D:1)
  4 ball pythons (D:1)
  4 bats
  4 endoplasms
  A giant cockroach (D:1)
  4 goblins (D:1)
  2 hobgoblins (D:1)
  A jackal (D:2)
  2 quokkas
  2 frilled lizards (D:1)
  3 kobolds (D:1)
  2 rats (D:1)
33 creatures vanquished.

Notes
Turn   | Place    | Note
-------+----------+-------------------------------------------
     0 | D:1      | qw the Naga Hunter began the quest for the Orb.
     0 | D:1      | Reached XP level 1. HP: 19/19 MP: 1/1
     0 | D:1      | 0 ||| qw: Version: 0.2-a-29-g511e9b1
     0 | D:1      | 0 ||| qw: Game counter: 5393
     0 | D:1      | 0 ||| qw: Always use a shield: true
     0 | D:1      | 0 ||| qw: God list: Okawaru
     0 | D:1      | 0 ||| qw: Allow faded altars: false
     0 | D:1      | 0 ||| qw: Do Orc after D:15 true
     0 | D:1      | 0 ||| qw: Do second Lair branch before Depths: true
     0 | D:1      | 0 ||| qw: Lair rune preference: random
     0 | D:1      | 0 ||| qw: Plans: Normal
     0 | D:1      | 0 ||| PLANNING D:1-11
    23 | D:1      | 23 ||| INVOKING Spit Poison.
    58 | D:1      | 58 ||| INVOKING Spit Poison.
    66 | D:1      | 66 ||| INVOKING Spit Poison.
   110 | D:1      | 110 ||| INVOKING Spit Poison.
   112 | D:1      | Reached skill level 4 in Ranged Weapons
   112 | D:1      | Reached XP level 2. HP: 25/26 MP: 2/2
   199 | D:1      | 199 ||| INVOKING Spit Poison.
   210 | D:1      | 210 ||| INVOKING Spit Poison.
   278 | D:1      | 278 ||| INVOKING Spit Poison.
   281 | D:1      | 281 ||| INVOKING Spit Poison.
   284 | D:1      | 284 ||| INVOKING Spit Poison.
   411 | D:1      | 411 ||| INVOKING Spit Poison.
   427 | D:1      | 427 ||| INVOKING Spit Poison.
   433 | D:1      | 433 ||| INVOKING Spit Poison.
   436 | D:1      | Reached XP level 3. HP: 28/32 MP: 3/3
   472 | D:1      | 472 ||| INVOKING Spit Poison.
   514 | D:1      | 514 ||| INVOKING Spit Poison.
   585 | D:1      | 585 ||| INVOKING Spit Poison.
   592 | D:1      | 592 ||| INVOKING Spit Poison.
   654 | D:1      | 654 ||| INVOKING Spit Poison.
   806 | D:1      | 806 ||| INVOKING Spit Poison.
   811 | D:1      | 811 ||| INVOKING Spit Poison.
   966 | D:1      | 966 ||| READING scroll labelled XUDOGOT YMNAJA.
   967 | D:1      | 967 ||| READING scroll labelled EKEOFUP IMEANK.
   968 | D:1      | 968 ||| READING scroll labelled QOGIUD DEGRI.
   969 | D:1      | 969 ||| READING scroll labelled IDEOPI JETYACA.
   970 | D:1      | 970 ||| DRINKING 3 cyan potions.
   971 | D:1      | 971 ||| DROPPING scroll of butterflies.
   996 | D:2      | 996 ||| INVOKING Spit Poison.
  1007 | D:2      | 1007 ||| INVOKING Spit Poison.
  1010 | D:2      | 1010 ||| INVOKING Spit Poison.
  1051 | D:2      | 1051 ||| INVOKING Spit Poison.
  1066 | D:2      | 1066 ||| INVOKING Spit Poison.
  1069 | D:2      | Reached skill level 5 in Ranged Weapons
  1069 | D:2      | Reached XP level 4. HP: 39/39 MP: 4/4
  1071 | D:2      | 1071 ||| INVOKING Spit Poison.
  1074 | D:2      | HP: 6/39 [gnoll/+0 spear (8)]
  1076 | D:2      | 1076 ||| INVOKING Spit Poison.
  1077 | D:2      | Slain by a gnoll

Levels and vault maps discovered:
D:1:      dpeg_arrival_long_road, layout_loops_corners,
          chequers_serial_rivers_micro_c, chequers_serial_rivers_micro_e
D:2:      minmay_general_purpose_star, layout_basic, basic_altar

Skill      XL: |  1  2  3 |
---------------+----------+-----
Ranged Weapons | 4 5 |  5.1
Fighting       | |  2.0
Dodging        | |  1.5
Stealth        | |  1.5

Action                     |  1- 3 |  4- 6 || total
---------------------------+-------+-------++-------
   Fire: Shortbow          |    64 |     7 ||    71
Ability: Spit Poison       |    24 |     2 ||    26
    Use: Scroll            |     4 |       ||     4
         Potion            |     1 |       ||     1
 Armour: Leather armour    |     6 |       ||     6
  Dodge: Dodged            |     9 |     3 ||    12

Table legend:
 A = Non-vault XP
 B = Vault XP
 C = Vault XP percentage of total XP
 D = Non-vault monster count
 E = Vault monster count
 F = Vault count percentage of total count
                 A         B        C        D         E       F
            +---------+---------+-------+---------+---------+-------
      Total |      94 |       0 |   0.0 |      33 |       0 |   0.0
            +---------+---------+-------+---------+---------+-------
        D:1 |      60 |       0 |   0.0 |      27 |       0 |   0.0
        D:2 |      34 |       0 |   0.0 |       6 |       0 |   0.0
            +---------+---------+-------+---------+---------+-------
